 Dungeon Crawl Stone Soup version 0.31.0 (webtiles) character file.

Game seed: 16391606882583520881

321 qw the Shooter (level 6, -1/38 HPs)
             Began as a Gargoyle Hunter on Jan 19, 2024.
             Incinerated by a bombardier beetle (4 damage)
             ... with a burning spray
             ... on level 3 of the Dungeon.
             The game lasted 00:00:09 (2133 turns).

qw the Shooter (Gargoyle Hunter)                    Turns: 2133, Time: 00:00:10

Health: -1/38      AC:  9    Str: 15    XL:     6   Next: 46%
Magic:  0/6        EV: 11    Int:  9    God:
Gold:   110        SH:  0    Dex: 15    Spells: 5/5 levels left

rFire   . . .        a - +0 shortbow
rCold   . . .        (shield currently unavailable)
rNeg    + . .        j - +0 ring mail
rPois   inf          (no helmet)
rElec   +            (no cloak)
rCorr   .            (no gloves)
SInv    .            (no boots)
Will    .....        l - amulet of guardian spirit
Stlth   +            (no ring)
HPRegen 0.26/turn    (no ring)
MPRegen 0.10/turn

%: guardian spirit
@: on fire, glowing
A: sickness immunity, AC +4, negative energy resistance 1, electricity
resistance, torment resistance 1, petrification resistance
a: no special abilities


You were on level 3 of the Dungeon.
You visited 1 branch of the dungeon, and saw 3 of its levels.

You collected 110 gold pieces.


Innate Abilities, Weirdness & Mutations

You are immune to sickness and miasma.
Your stone body is resilient. (AC +4)
You are immune to poison.
You resist negative energy. (rN+)
You are resistant to electric shocks. (rElec)
You are resistant to unholy torment.
You are immune to petrification.


   Skills:
 - Level 4.0 Fighting
 + Level 6.7 Ranged Weapons
 - Level 1.0 Armour
 - Level 1.5 Dodging
 - Level 1.1 Stealth


You had 5 spell levels left.
You didn't know any spells.
Your spell library was empty.

Inventory:

Hand Weapons
 a - a +0 shortbow (weapon)
Armour
 j - a +0 ring mail (worn)
Jewellery
 l - an amulet of guardian spirit (around neck)
Wands
 b - a wand of flame (14)
Scrolls
 c - a scroll of silence {unknown}
 d - 3 scrolls of teleportation {unknown}
 g - 2 scrolls of identify
 m - a scroll of enchant armour {unknown}
 o - a scroll of poison {unknown}
Potions
 e - 2 potions of might
 f - a potion of mutation
 h - a potion of cancellation {unknown}
 i - a potion of haste {unknown}
 k - a potion of curing
 n - a potion of degeneration {unknown}

Dungeon Overview and Level Annotations

Branches:
Dungeon (3/15)

Altars:
Cheibriados
Qazlal
Wu Jian


Message History

The bombardier beetle sprays incendiary fluid at you.
The burning spray hits you.
You are covered in liquid fire!
You shoot an arrow. The arrow hits the bombardier beetle.
The bombardier beetle is heavily wounded.
The liquid fire burns you!
You shoot an arrow. The arrow hits the bombardier beetle.
The bombardier beetle is severely wounded.
The liquid fire burns you!
You shoot an arrow.
The arrow barely misses the bombardier beetle.
The liquid fire burns you!
You shoot an arrow.
The arrow hits the bombardier beetle but does no damage.
The bombardier beetle is severely wounded.
The liquid fire burns you!
The bombardier beetle sprays incendiary fluid at you.
The burning spray hits you.
You are even more covered in liquid fire!
You shoot an arrow.
The arrow hits the bombardier beetle but does no damage.
The bombardier beetle is severely wounded.
The liquid fire burns you!
You shoot an arrow.
The arrow hits the bombardier beetle but does no damage.
The bombardier beetle is severely wounded.
The liquid fire burns you!
You shoot an arrow. The arrow hits the bombardier beetle!
You kill the bombardier beetle!
The liquid fire burns you!
You are on fire!
The liquid fire burns you!
2131 ||| FLEEEEING.
You shake off some of the fire as you move.
The liquid fire burns you!
You shake off some of the fire as you move.
The liquid fire burns you!
You shake off some of the fire as you move.
The liquid fire burns you!
You die...

....##...........#
....##...........##
....##............#
...>##)##########.# #######
..#..))#.....#....# #.....#
####.).#.....%....# #.###.#
#...#_....'..8## #|# #.#
####...#.....'....###.###.#
.......#.....#..@.........#
######.##########.###.###.#
#............# #.# #.#
#............# #.# #.#
#................# #.#
####################.#
#.......<....#
#.........%..# ##
#...)....)...#


There were no monsters in sight!

Vanquished Creatures
  Sigmund (D:2)
  A bombardier beetle (D:3)
  A sleepcap (D:2)
  4 adders
  2 ribbon worms
  A dart slug (D:3)
  4 orcs
  3 ball pythons (D:1)
  6 endoplasms
  3 giant cockroaches
  3 hobgoblins (D:1)
  5 jackals
  7 kobolds
  5 quokkas
  4 bats
  5 frilled lizards
  9 goblins
  2 rats
66 creatures vanquished.

Notes
Turn   | Place    | Note
-------+----------+-------------------------------------------
     0 | D:1      | qw the Gargoyle Hunter began the quest for the Orb.
     0 | D:1      | Reached XP level 1. HP: 12/12 MP: 1/1
     0 | D:1      | 0 ||| qw: Version: 0.3-a-132-g3d54051
     0 | D:1      | 0 ||| qw: Game counter: 241
     0 | D:1      | 0 ||| qw: Melee chars always use a shield: true
     0 | D:1      | 0 ||| qw: God list: Okawaru
     0 | D:1      | 0 ||| qw: Allow faded altars: false
     0 | D:1      | 0 ||| qw: Do Orc after clearing Dungeon:15 true
     0 | D:1      | 0 ||| qw: Do second Lair branch before Depths: true
     0 | D:1      | 0 ||| qw: Lair rune preference: random
     0 | D:1      | 0 ||| qw: Goals: Normal
     0 | D:1      | 0 ||| PLANNING D:1-11
    85 | D:1      | Reached XP level 2. HP: 17/17 MP: 2/2
   139 | D:1      | HP: 3/17 [jackal (2)]
   274 | D:1      | Reached XP level 3. HP: 21/21 MP: 3/3
   354 | D:1      | Reached skill level 5 in Ranged Weapons
   541 | D:1      | 541 ||| READING scroll labelled ZUFUNT GOXIEWA.
   542 | D:1      | 542 ||| READING scroll labelled XENWALOIDD.
   543 | D:1      | 543 ||| DROPPING scroll of butterflies.
   636 | D:2      | 636 ||| FLEEEEING.
   833 | D:2      | Reached skill level 3 in Fighting
   833 | D:2      | Reached XP level 4. HP: 19/28 MP: 4/4
   833 | D:2      | 833 ||| FLEEEEING.
   906 | D:2      | 906 ||| FLEEEEING.
   914 | D:2      | 914 ||| STAIRDANCE
   924 | D:1      | 924 ||| DRINKING 2 black potions.
  1000 | D:2      | Identified the +5 long sword of Bej Hawk {spect, rElec rN+}
  1125 | D:2      | Noticed Sigmund
  1128 | D:2      | 1128 ||| FLEEEEING.
  1133 | D:2      | 1133 ||| FLEEEEING.
  1134 | D:2      | 1134 ||| FLEEEEING.
  1135 | D:2      | 1135 ||| FLEEEEING.
  1136 | D:2      | 1136 ||| FLEEEEING.
  1139 | D:2      | 1139 ||| DRINKING pink potion.
  1150 | D:2      | Killed Sigmund
  1151 | D:2      | Reached skill level 6 in Ranged Weapons
  1151 | D:2      | Reached XP level 5. HP: 19/32 MP: 5/5
  1151 | D:2      | Reached XP level 6. HP: 22/37 MP: 6/6
  1634 | D:2      | 1634 ||| UPGRADING to +0 ring mail.
  1644 | D:2      | 1644 ||| DROPPING +0 leather armour.
  1645 | D:2      | 1645 ||| UPGRADING to amulet of guardian spirit.
  1650 | D:2      | 1650 ||| READING scroll labelled INAACS RUEXY.
  1651 | D:2      | 1651 ||| READING scroll labelled JIQYMUFILI.
  1651 | D:2      | 1651 ||| IDENTIFYING purple potion
  1652 | D:2      | 1652 ||| READING scroll labelled HAHUD NOIZ GAMM.
  1702 | D:3      | 1702 ||| STAIRDANCE
  1835 | D:3      | Reached skill level 1 in Armour
  1850 | D:3      | 1850 ||| FLEEEEING.
  2038 | D:3      | Found an ornate altar of the Wu Jian Council.
  2045 | D:3      | Found a stormy altar of Qazlal.
  2119 | D:3      | Found a snail-covered altar of Cheibriados.
  2130 | D:3      | HP: 6/38 [burnt (5)]
  2131 | D:3      | 2131 ||| FLEEEEING.
  2132 | D:3      | HP: 2/38 [burnt (1)]
  2133 | D:3      | Incinerated by a bombardier beetle

Levels and vault maps discovered:
D:1:      lemuel_arrival_muddy, layout_rooms
D:2:      layout_loops_corners, uniq_sigmund
D:3:      layout_basic, slow_altar_2, nicolae_overflow_hidden_temple

Skill      XL: |  1  2  3  4  5  6 |
---------------+-------------------+-----
Ranged Weapons | 5 6 |  6.7
Fighting       | 3 4 |  4.0
Armour         | 1 |  1.0
Dodging        | |  1.5
Stealth        | |  1.1

Action                     |  1- 3 |  4- 6 || total
---------------------------+-------+-------++-------
   Fire: Shortbow          |   110 |   133 ||   243
    Use: Scroll            |     2 |     3 ||     5
         Potion            |       |     2 ||     2
 Armour: Leather armour    |    42 |    16 ||    58
         Ring mail         |       |    21 ||    21
  Dodge: Dodged            |    38 |    32 ||    70

Table legend:
 A = Non-vault XP
 B = Vault XP
 C = Vault XP percentage of total XP
 D = Non-vault monster count
 E = Vault monster count
 F = Vault count percentage of total count
                 A         B        C        D         E       F
            +---------+---------+-------+---------+---------+-------
      Total |     203 |     256 |  55.8 |      64 |       2 |   3.0
            +---------+---------+-------+---------+---------+-------
        D:1 |      42 |       0 |   0.0 |      24 |       0 |   0.0
        D:2 |     101 |     214 |  67.9 |      22 |       1 |   4.3
        D:3 |      60 |      42 |  41.2 |      18 |       1 |   5.3
            +---------+---------+-------+---------+---------+-------
